 Dungeon Crawl Stone Soup version 0.24-a0-584-g9d6b971ae4 (webtiles) character file.

Game seed: 3507953503903477588, levelgen mode: deterministic

117988 Ijustatesigmund the Fighter (level 16, -10/129 HPs)
             Began as a Gnoll Fighter on Aug 28, 2019.
             Was the Champion of Okawaru.
             Mangled by a kraken (32 damage)
             ... on level 2 of the Shoals on Aug 29, 2019.
             The game lasted 01:39:14 (37642 turns).

Ijustatesigmund the Fighter (Gnoll Fighter)        Turns: 37642, Time: 01:39:15

Health: -10/129    AC: 19    Str: 16    XL:     16   Next: 75%
Magic:  30/30      EV: 11    Int: 16    God:    Okawaru [******]
Gold:   238        SH: 24    Dex: 19    Spells: 35/36 levels left

rFire    . . .     SeeInvis .   Y - +9 demon trident of Defilement {flame, *Rage rPois rN+++ Str-3}
rCold    + . .     Gourm    .   c - +2 large shield
rNeg     + + +     Faith    .   b - +1 chain mail {rC+}
rPois    +         Spirit   .   t - +0 helmet {Int+3}
rElec    +         Reflect  +   m - scarf {repulsion}
rCorr    .         Harm     .   q - +1 pair of gloves
MR       +....     Rnd*Rage +   (no boots)
Stlth    +.........             L - +4 amulet of reflection
HPRegen  0.31/turn              R - +2 ring of protection
MPRegen  0.22/turn              S - ring of poison resistance

@: berserk cooldown, slowed, studying 3 skills, repel missiles, very slow
A: distributed training, fangs 1, sense surroundings 1, electricity resistance,
wild magic 1, strong nose
a: Heroism, Finesse, Renounce Religion


You were on level 2 of the Shoals.
You worshipped Okawaru.
Okawaru was exalted by your worship.
You were not hungry.

You visited 5 branches of the dungeon, and saw 27 of its levels.
You also visited: Sewer and Ice Cave.

You collected 2910 gold pieces.
You spent 2672 gold pieces at shops.

Inventory:

Hand Weapons
 a - a +5 morningstar
 i - the +5 hand crossbow of Plunder {velocity, Int+2}
   (You bought it in a shop on level 2 of the Orcish Mines)

   Any bolt fired from it inflicts extra damage.
   It affects your intelligence (+2).
 J - a +4 morningstar of holy wrath
 Y - the +9 demon trident of Defilement (weapon) {flame, *Rage rPois rN+++ Str-3}
   (Okawaru gifted it to you on level 1 of the Orcish Mines)

   It has been specially enchanted to burn those struck by it, causing extra
   injury to most foes and up to half again as much damage against particularly
   susceptible opponents.
   It affects your strength (-3).
   It protects you from poison.
   It renders you almost immune to negative energy.
   It may make you go berserk in combat.
Missiles
 j - a curare-tipped dart (quivered)
 l - 5 silver javelins
 K - 6 throwing nets
Armour
 b - a +1 chain mail of cold resistance (worn)
 c - a +2 large shield (worn)
 m - a scarf of repulsion (worn)
 q - a +1 pair of gloves (worn)
 t - a +0 helmet of intelligence (worn)
Jewellery
 u - an uncursed ring of protection from cold
 G - an uncursed ring of flight
 L - a +4 amulet of reflection (around neck)
 R - a +2 ring of protection (left hand)
 S - a ring of poison resistance (right hand)
 T - an uncursed ring of protection from cold
Wands
 s - a wand of enslavement (1)
 w - a wand of acid (1)
 x - a wand of random effects (47)
 y - a wand of polymorph (17)
 F - a wand of disintegration (23)
 H - a wand of paralysis (21)
 M - a wand of digging (3)
 W - a wand of scattershot (4)
Scrolls
 e - a scroll of fear
 n - 2 scrolls of magic mapping
 v - 3 scrolls of enchant armour
 C - 5 scrolls of remove curse
 I - 2 scrolls of fog
 N - a scroll of summoning
 O - 2 scrolls of identify
 P - a scroll of teleportation
 Q - 2 scrolls of immolation
Potions
 d - a potion of might
 g - 7 potions of curing
 h - 9 potions of magic
 k - a potion of agility
 o - 3 potions of brilliance
 p - 7 potions of lignification
 B - 2 potions of mutation
 D - 2 potions of cancellation
 E - 2 potions of haste
 V - a potion of invisibility
 X - a potion of resistance
 Z - a potion of flight
Books
 z - a manual of Summonings
 A - a manual of Conjurations
 U - a manual of Fighting
Comestibles
 f - 33 rations


   Skills:
 + Level 12.7 Fighting
 + Level 10.8 Short Blades
 + Level 10.8 Long Blades
 + Level 10.8 Axes
 + Level 11.7 Maces & Flails
 + Level 10.8 Polearms
 + Level 10.8 Staves
 + Level 10.8 Slings
 + Level 10.8 Bows
 + Level 10.8 Crossbows
 + Level 10.8 Throwing
 + Level 12.4 Armour
 + Level 10.8 Dodging
 + Level 10.8 Stealth
 + Level 12.4 Shields
 + Level 10.8 Unarmed Combat
 + Level 10.8 Spellcasting
 + Level 12.2 Conjurations
 + Level 9.2 Hexes
 + Level 9.2 Charms
 + Level 11.8 Summonings
 + Level 9.2 Necromancy
 + Level 9.2 Translocations
 + Level 9.2 Transmutations
 + Level 9.2 Fire Magic
 + Level 9.2 Ice Magic
 + Level 9.2 Air Magic
 + Level 9.2 Earth Magic
 + Level 9.2 Poison Magic
 + Level 11.7 Invocations
 + Level 10.8 Evocations


You had 35 spell levels left.
You knew the following spells:

 Your Spells              Type           Power        Failure   Level  Hunger
a - Magic Dart            Conj           ####         4%          1    None

Your spell library contained the following spells:

 Spells                   Type           Power        Failure   Level  Hunger
 Searing Ray              Conj           ######       6%          2    None
 Sting                    Conj/Pois      ####         8%          1    None
 Call Imp                 Summ           ######..     8%          2    None
 Blink                    Tloc           N/A          19%         2    None
 Poisonous Vapours        Pois/Air       #####.       19%         2    None
 Slow                     Hex            #####...     19%         2    None
 Sublimation of Blood     Necr           #####.....   19%         2    None
 Conjure Flame            Conj/Fire      ######..     21%         3    None
 Dazzling Spray           Conj/Hex       ######       21%         3    None
 Recall                   Summ/Tloc      N/A          22%         3    None
 Mephitic Cloud           Conj/Pois/Air  ######..     24%         3    None
 Ignite Poison            Fire/Tmut/Pois #####...     34%         3    None
 Iskenderun's Mystic Bla  Conj           ######..     34%         4    ###....
 Force Lance              Conj/Tloc      ######..     52%         4    ###....
 Fulminant Prism          Conj/Hex       ######....   52%         4    ###....
 Animate Dead             Necr           N/A          73%         4    ###....
 Olgreb's Toxic Radiance  Pois           #####...     73%         4    ###....
 Petrify                  Tmut/Erth      #####...     73%         4    ###....
 Irradiate                Conj/Tmut      ######....   85%         5    #####..
 Venom Bolt               Conj/Pois      ######....   85%         5    #####..
 Alistair's Intoxication  Tmut/Pois      #####...     96%         5    #####..
 Borgnjor's Vile Clutch   Necr/Erth      #####.....   96%         5    #####..
 Death Channel            Necr           #####.....   100%        6    ######.
 Simulacrum               Ice/Necr       #####.....   100%        6    ######.


Dungeon Overview and Level Annotations

Branches:
Dungeon (15/15)            Temple (1/1) D:7            Lair (6/6) D:11
 Shoals (3/4) Lair:2       Spider (0/4) Lair:2        Slime (0/5) Lair:6
    Orc (2/2) D:12            Elf (0/3) Orc:2        Vaults (0/5) D:14
 Depths (0/5) D:15          Sewer (visited)           IceCv (visited)

Altars:
Ashenzari
Cheibriados
Dithmenos
Elyvilon
Fedhas
Gozag
Hepliaklqana
Kikubaaqudgha
Makhleb
Nemelex Xobeh
Okawaru
Qazlal
Ru
Sif Muna
Trog
Uskayaw
Vehumet
Wu Jian
Xom
Yredelemnul
Zin
The Shining One
Beogh

Shops:
D:13 :   Orc:1 %   Orc:2 !*(:

Portals:
Trove: D:10 (give +6 fire dragon scales)

Annotations:
D:9 1 runed translucent door
Lair:3 2 transporters, Eightlegvermin's ghost, journeyman KoAM
Lair:6 exclusion: 3 oklob plants


Innate Abilities, Weirdness & Mutations

Your experience applies equally to all skills.
You have very sharp teeth.
Your uncanny sense of smell can sniff out nearby items.
You passively map a small area around you.
You are resistant to electric shocks. (rElec)
Your spells are a little harder to cast, but a little more powerful.


Message History

The kraken bites you.
* * * LOW HITPOINT WARNING * * *
The tentacle slaps you.
* * * LOW HITPOINT WARNING * * *
The tentacle closely misses you. You block the tentacle's attack.
The tentacle slaps you but does no damage.
You block the kraken's attack.
You puncture the kraken! You burn the kraken.
The kraken is severely wounded.
The tentacle slaps you!
* * * LOW HITPOINT WARNING * * *
You block the tentacle's attack. x2; The tentacle closely misses you.
A tentacle segment bursts forth from the water. x3
You block the tentacle's attack.
The kraken squirts a massive cloud of ink into the water!
The tentacle slaps you but does no damage.
The tentacle barely misses you. The tentacle closely misses you.
The tentacle slaps you but does no damage.
The kraken bites you!!
You die...

≈ ≈≈≈≈≈≈≈≈≈≈≈≈≈≈≈≈#
≈≈≈≈≈≈≈≈≈≈≈≈≈≈≈≈≈#
≈≈≈≈≈≈≈≈≈≈≈≈≈≈≈≈≈#
≈≈≈≈≈≈≈≈≈≈≈≈≈≈≈≈≈#
≈≈≈≈≈≈≈≈≈≈≈≈≈≈≈≈≈#
≈≈≈≈≈≈≈≈≈§§§§≈≈≈≈#
≈≈≈≈..≈≈§w§§§≈≈≈≈#
...≈≈≈......w@X§≈≈≈≈#
#............ww§≈≈≈≈#
##............§§§≈≈≈≈#
........###...≈≈≈≈≈≈≈#
........###....≈≈≈≈≈≈# ,
≈≈≈.....##....≈≈≈≈≈≈≈#
,,≈≈......##....≈≈≈≈≈≈≈#
.≈##.≈..##)..≈≈≈≈≈≈≈≈# *
...#.≈≈.......≈≈≈≈≈≈


You could see a kraken and 4 tentacles.

Vanquished Creatures
  Jorgrun (D:12)
  Agnes (D:15)
  A frost giant (IceCv)
  An orc warlord (Orc:1)
  A fire dragon (Lair:6)
  A merfolk javelineer (Shoals:2)
  A merfolk impaler (Shoals:1)
  Erolcha (D:12)
  The ghost of TheWoodenMan the Geomancer, a journeyman GrEE of Vehumet (Lair:1)
  Harold (D:8)
  A centaur warrior (D:15)
  3 hydras
  A catoblepas (Lair:6)
  An alligator snapping turtle (Shoals:1)
  A merfolk aquamancer (Shoals:2)
  7 two-headed ogres
  9 orc high priests
  A vampire mage (D:15)
  A titan zombie (D:15)
  Nergalle (D:12)
  Sonja (D:13)
  3 skeletal warriors
  2 unseen horrors
  3 sea snakes (Shoals:1)
  A deep elf mage (D:14)
  9 harpies
  A shadow dragon zombie (D:15)
  4 orc knights
  A lindwurm (Lair:6)
  2 orc sorcerers (Orc:1)
  3 ugly things
  A necromancer (D:15)
  5 manticores
  7 merfolk sirens
  Maurice (D:13)
  10 fauns
  A stone giant skeleton (D:15)
  2 black mambas (Lair:6)
  2 ice statues
  Psyche (D:8)
  13 spiny frogs
  4 gargoyles
  5 torpor snails (Lair:6)
  A kobold demonologist (D:11)
  4 yaktaurs (D:14)
  4 rime drakes
  9 komodo dragons
  11 merfolk
  30 polar bears
  8 hornets
  4 trolls
  A wind drake (Shoals:1)
  2 slime creatures (D:13)
  A wolf spider simulacrum (D:15)
  4 tyrant leeches (Lair:6)
  16 blink frogs
  4 snapping turtles
  4 raiju (Lair:6)
  2 meliai zombies (D:15)
  14 hippogriffs
  A spriggan skeleton (D:15)
  2 shadows
  4 spriggans (Lair:1)
  3 wraiths
  3 wyverns
  3 water elementals
  23 yaks
  A vampire (D:15)
  6 hungry ghosts
  A basilisk (Lair:3)
  The ghost of Kavrick the Shield-Bearer, an amateur FoFi (D:4)
  2 vampire mosquitoes (D:12)
  Menkaure (D:6)
  11 wargs
  A soldier ant (D:13)
  3 acid dragons
  12 water moccasins
  13 hell hounds (Lair:6)
  3 porcupines
  An ice beast (D:5)
  38 orc warriors
  4 phantoms
  13 black bears
  8 sky beasts
  9 ogres
  33 wolves
  17 centaurs
  13 crocodiles
  A big kobold (D:8)
  20 bullfrogs
  4 scorpions
  2 troll zombies (D:12)
  A wyvern skeleton (D:14)
  6 killer bees
  18 wights
  7 howler monkeys
  4 electric eels (D:11)
  7 crimson imps
  4 centaur zombies
  11 hounds
  46 orc priests
  2 bullfrog zombies
  10 centaur skeletons
  A jelly (D:8)
  34 orc wizards
  A gnoll shaman (D:4)
  3 iguanas
  5 bullfrog skeletons
  7 worker ants
  2 killer bee zombies
  4 ogre zombies (D:12)
  2 hound zombies
  A hound skeleton (D:9)
  A howler monkey zombie (D:10)
  15 adders
  17 gnolls
  A river rat (D:3)
  3 shadow imps
  2 oozes
  An adder zombie (D:10)
  A worm (D:4)
  A dart slug (D:4)
  4 leopard geckos
  136 orcs
  4 bats
  6 giant cockroaches
  10 goblins
  8 hobgoblins
  14 jackals
  4 quokkas
  3 ball pythons
  7 frilled lizards
  4 goblin zombies (D:12)
  2 hobgoblin zombies (D:12)
  24 kobolds
  An orc skeleton (D:12)
  12 orc zombies (D:12)
  7 rats
  A plant (Lair:6)
  A tentacle (Shoals:2)
960 creatures vanquished.

Vanquished Creatures (collateral kills)
  An ogre (Orc:1)
  2 orc priests (Orc:2)
  2 orcs (Orc:2)
5 creatures vanquished.

Vanquished Creatures (others)
  2 centaur warriors
  A cyclops (D:13)
  A faun (Shoals:3)
  A merfolk (Shoals:3)
  5 dream sheep (Lair:6)
  An orc warrior (Orc:2)
  5 wolves (IceCv)
  5 centaurs
  2 orc wizards
  An orc (D:9)
  A bush (Lair:6)
  18 fungi
  31 plants
  A tentacle (Shoals:2)
  2 withered plants (D:15)
77 creatures vanquished.

Grand Total: 1042 creatures vanquished

Notes
Turn   | Place    | Note
-------+----------+-------------------------------------------
     0 | D:1      | Ijustatesigmund the Gnoll Fighter began the quest for the
                  | Orb.
     0 | D:1      | Reached XP level 1. HP: 23/23 MP: 1/1
   143 | D:1      | Reached XP level 2. HP: 29/29 MP: 2/2
   396 | D:2      | Reached XP level 3. HP: 35/35 MP: 3/3
   469 | D:2      | Reached skill level 1 in Invocations
   474 | D:2      | Reached skill level 1 in Short Blades
   474 | D:2      | Reached skill level 1 in Long Blades
   474 | D:2      | Reached skill level 1 in Axes
   474 | D:2      | Reached skill level 1 in Polearms
   474 | D:2      | Reached skill level 1 in Staves
   474 | D:2      | Reached skill level 1 in Slings
   474 | D:2      | Reached skill level 1 in Bows
   474 | D:2      | Reached skill level 1 in Crossbows
   474 | D:2      | Reached skill level 1 in Throwing
   474 | D:2      | Reached skill level 1 in Dodging
   474 | D:2      | Reached skill level 1 in Stealth
   474 | D:2      | Reached skill level 1 in Unarmed Combat
   474 | D:2      | Reached skill level 1 in Spellcasting
   474 | D:2      | Reached skill level 1 in Evocations
   480 | D:2      | Reached XP level 4. HP: 35/41 MP: 5/5
   519 | D:2      | Found a shimmering blue altar of Sif Muna.
  1254 | D:3      | Reached skill level 1 in Conjurations
  1254 | D:3      | Reached skill level 1 in Hexes
  1254 | D:3      | Reached skill level 1 in Charms
  1254 | D:3      | Reached skill level 1 in Summonings
  1254 | D:3      | Reached skill level 1 in Necromancy
  1254 | D:3      | Reached skill level 1 in Translocations
  1254 | D:3      | Reached skill level 1 in Transmutations
  1254 | D:3      | Reached skill level 1 in Fire Magic
  1254 | D:3      | Reached skill level 1 in Ice Magic
  1254 | D:3      | Reached skill level 1 in Air Magic
  1254 | D:3      | Reached skill level 1 in Earth Magic
  1254 | D:3      | Reached skill level 1 in Poison Magic
  1255 | D:3      | Reached XP level 5. HP: 39/47 MP: 6/6
  1314 | D:3      | Found a glowing drain.
  1343 | Sewer    | Entered a sewer
  2233 | D:3      | Found a bloodstained altar of Trog.
  2495 | D:3      | Found a sacrificial altar of Ru.
  2685 | D:4      | Noticed an ogre
  2691 | D:3      | Reached XP level 6. HP: 52/53 MP: 8/8
  2722 | D:3      | Reached skill level 5 in Maces & Flails
  3127 | D:4      | Reached XP level 7. HP: 43/60 MP: 10/10
  3153 | D:4      | You fall into a shaft and drop 3 floors!
  3153 | D:7      | Found a staircase to the Ecumenical Temple.
  3176 | Temple   | Entered the Ecumenical Temple
  3288 | D:5      | Entered Level 5 of the Dungeon
  3476 | D:4      | Found a basalt altar of Yredelemnul.
  3519 | D:4      | Found a transporter.
  3536 | D:4      | Noticed Kavrick's ghost (amateur FoFi)
  3803 | D:4      | Found a transporter.
  4117 | D:5      | Reached XP level 8. HP: 52/67 MP: 12/12
  4312 | D:5      | Found a burning altar of Makhleb.
  4315 | D:5      | Found a shadowy altar of Dithmenos.
  4315 | D:5      | Found a sparkling altar of Nemelex Xobeh.
  4315 | D:5      | Found a hide-covered altar of Uskayaw.
  4344 | D:5      | Found an iron altar of Okawaru.
  4348 | D:5      | Found a glowing silver altar of Zin.
  4351 | D:5      | Got a crystal spear
  4352 | D:5      | Identified the cursed +1 spear of Infection {pierce, -Tele
                  | rN+ SInv Stlth+} (You found it on level 5 of the Dungeon)
  4361 | D:5      | Became a worshipper of Warmaster Okawaru
  4497 | D:5      | Found a bloodstained altar of Trog.
  4617 | D:5      | Noticed a two-headed ogre
  4627 | D:5      | Killed a two-headed ogre
  4627 | D:5      | Reached * piety under Okawaru
  4627 | D:5      | Reached XP level 9. HP: 42/73 MP: 7/14
  4924 | D:4      | Identified the +2 halberd of Xoyx {pain, rPois rF- Str+6
                  | Int+2}
  5030 | D:4      | Killed Kavrick's ghost
  5189 | D:6      | Noticed Menkaure
  5195 | D:6      | Killed Menkaure
  5224 | D:6      | Upgraded the game from 0.24-a0-583-g87330a484a to
                  | 0.24-a0-584-g9d6b971ae4
  5565 | D:6      | Reached ** piety under Okawaru
  5839 | D:5      | Reached skill level 5 in Invocations
  6045 | D:6      | Found an ornate altar of the Wu Jian Council.
  6705 | D:7      | Reached XP level 10. HP: 47/80 MP: 9/17
  7579 | D:8      | Got a polished war axe
  7580 | D:8      | Identified the +3 war axe "Noiruip" {pain, rC+} (You found
                  | it on level 8 of the Dungeon)
  7603 | D:8      | Noticed Harold
  7624 | D:8      | Killed Harold
  7624 | D:8      | Reached *** piety under Okawaru
  7624 | D:8      | Reached skill level 5 in Short Blades
  7624 | D:8      | Reached skill level 5 in Long Blades
  7624 | D:8      | Reached skill level 5 in Axes
  7624 | D:8      | Reached skill level 5 in Polearms
  7624 | D:8      | Reached skill level 5 in Staves
  7624 | D:8      | Reached skill level 5 in Slings
  7624 | D:8      | Reached skill level 5 in Bows
  7624 | D:8      | Reached skill level 5 in Crossbows
  7624 | D:8      | Reached skill level 5 in Throwing
  7624 | D:8      | Reached skill level 5 in Dodging
  7624 | D:8      | Reached skill level 5 in Stealth
  7624 | D:8      | Reached skill level 5 in Unarmed Combat
  7624 | D:8      | Reached skill level 5 in Spellcasting
  7624 | D:8      | Reached skill level 5 in Conjurations
  7624 | D:8      | Reached skill level 5 in Evocations
  7943 | D:8      | Noticed Psyche
  8276 | D:8      | Killed Psyche
  8495 | D:9      | Found a glowing golden altar of the Shining One.
  8944 | D:8      | Reached **** piety under Okawaru
  9303 | D:9      | Reached XP level 11. HP: 17/87 MP: 19/19
  9657 | D:9      | Gained mutation: You are resistant to electric shocks.
                  | (rElec) [potion of mutation]
  9657 | D:9      | Gained mutation: Your spells are a little harder to cast,
                  | but a little more powerful. [potion of mutation]
  9657 | D:9      | Gained mutation: You passively map a small area around you.
                  | [potion of mutation]
  9771 | D:9      | Found a runed translucent door.
  9771 | D:9      | Noticed a sixfirhy
 10008 | D:10     | Entered Level 10 of the Dungeon
 10545 | D:10     | Identified a scroll of acquirement
 10548 | D:10     | Got a translucent buckler
 10559 | D:10     | Identified the +1 buckler "Unimorgh" {rElec Str+3} (You
                  | acquired it on level 10 of the Dungeon)
 10604 | D:10     | Reached skill level 5 in Summonings
 10924 | D:10     | Noticed a two-headed ogre
 10929 | D:10     | Reached skill level 5 in Hexes
 10929 | D:10     | Reached skill level 5 in Charms
 10929 | D:10     | Reached skill level 5 in Necromancy
 10929 | D:10     | Reached skill level 5 in Translocations
 10929 | D:10     | Reached skill level 5 in Transmutations
 10929 | D:10     | Reached skill level 5 in Fire Magic
 10929 | D:10     | Reached skill level 5 in Ice Magic
 10929 | D:10     | Reached skill level 5 in Air Magic
 10929 | D:10     | Reached skill level 5 in Earth Magic
 10929 | D:10     | Reached skill level 5 in Poison Magic
 10933 | D:10     | Killed a two-headed ogre
 11106 | D:11     | Noticed a two-headed ogre
 11117 | D:11     | Killed a two-headed ogre
 11117 | D:11     | Reached ***** piety under Okawaru
 11117 | D:11     | Received a gift from Okawaru
 11631 | D:10     | Found a portal to a secret trove of treasure.
 11688 | D:10     | Received a gift from Okawaru
 11959 | D:10     | Noticed a two-headed ogre
 11968 | D:10     | Killed a two-headed ogre
 11968 | D:10     | Received a gift from Okawaru
 12344 | D:11     | Found a staircase to the Lair.
 13137 | D:11     | Noticed a soul eater
 13315 | D:11     | Noticed a two-headed ogre
 13325 | D:11     | Killed a two-headed ogre
 13325 | D:11     | Received a gift from Okawaru
 13325 | D:11     | Reached XP level 12. HP: 96/96 MP: 20/22
 14099 | D:12     | Learned a level 1 spell: Magic Dart
 14196 | D:12     | Found a staircase to the Orcish Mines.
 14413 | D:12     | Noticed Jorgrun
 14452 | D:12     | Killed Jorgrun
 14452 | D:12     | Received a gift from Okawaru
 14452 | D:12     | Received a gift from Okawaru
 14857 | D:12     | Noticed Nergalle
 14876 | D:12     | Killed Nergalle
 15104 | D:12     | Noticed Erolcha
 15121 | D:12     | Killed Erolcha
 15313 | D:12     | Got a steaming flail
 15314 | D:12     | Identified the +1 flail of Wypral {crush, rC+ Dex+3} (You
                  | found it on level 12 of the Dungeon)
 15739 | D:13     | Noticed Sonja
 15794 | D:13     | Reached skill level 10 in Fighting
 15794 | D:13     | Reached skill level 10 in Armour
 15794 | D:13     | Reached skill level 10 in Shields
 16002 | D:13     | Noticed a centaur warrior
 16009 | D:13     | Killed a centaur warrior
 16059 | D:13     | Reached XP level 13. HP: 100/103 MP: 24/24
 16090 | D:13     | Noticed Maurice
 16284 | D:13     | Killed Sonja
 16432 | D:13     | Received a gift from Okawaru
 16995 | D:13     | Found Buexo's Book Emporium.
 17010 | D:13     | Killed Maurice
 17415 | D:14     | Received a gift from Okawaru
 17432 | D:14     | Identified the +4 lajatang "Yvveunat" {slice, *Corrode
                  | rElec Int+5 Dex+4}
 17547 | D:14     | Reached ****** piety under Okawaru
 17747 | D:14     | Found a gate to the Vaults.
 17881 | D:14     | Found a glowing golden altar of the Shining One.
 18244 | D:15     | Entered Level 15 of the Dungeon
 18514 | D:15     | HP: 5/104 [something (10)]
 18881 | D:15     | Noticed Agnes
 18895 | D:15     | Killed Agnes
 18895 | D:15     | Received a gift from Okawaru
 19355 | D:15     | Received a gift from Okawaru
 19438 | D:15     | Reached XP level 14. HP: 70/111 MP: 26/26
 19590 | D:15     | Found a staircase to the Depths.
 20417 | Lair:1   | Entered Level 1 of the Lair of Beasts
 20572 | Lair:1   | Found a frozen archway.
 20581 | IceCv    | Entered an ice cave
 20760 | IceCv    | Reached skill level 10 in Maces & Flails
 20936 | IceCv    | Received a gift from Okawaru
 20949 | IceCv    | Got a translucent demon trident {god gift}
 20950 | IceCv    | Identified the +10 demon trident of Wounding {drain, rC+
                  | Dex-5 Stlth+} (Okawaru gifted it to you in an ice cave)
 21167 | IceCv    | Reached skill level 10 in Conjurations
 21423 | IceCv    | Noticed a frost giant
 21448 | IceCv    | Killed a frost giant
 22214 | Lair:1   | Reached skill level 10 in Invocations
 22774 | Lair:1   | Found a runed translucent door.
 22774 | Lair:1   | Identified the +1 spear of Moral Flaws {venom, Stlth+}
 22777 | Lair:1   | Noticed TheWoodenMan's ghost (journeyman GrEE)
 22791 | Lair:1   | Killed TheWoodenMan's ghost
 22791 | Lair:1   | Received a gift from Okawaru
 23049 | Lair:2   | Found a staircase to the Shoals.
 23456 | Lair:2   | Found a hole to the Spider Nest.
 23488 | Lair:2   | Received a gift from Okawaru
 24461 | Lair:3   | Found a transporter.
 24465 | Lair:3   | Found a transporter.
 24469 | Lair:3   | Noticed Eightlegvermin's ghost (journeyman KoAM)
 24759 | Lair:4   | Reached skill level 10 in Summonings
 25174 | Lair:4   | Received a gift from Okawaru
 25658 | Lair:5   | Received a gift from Okawaru
 25674 | Lair:5   | Reached XP level 15. HP: 104/119 MP: 25/28
 26665 | Lair:6   | Entered Level 6 of the Lair of Beasts
 26679 | Lair:6   | Found a runed translucent door.
 28494 | Lair:6   | Found a staircase to the Slime Pits.
 28925 | Lair:6   | Found a shimmering altar of Xom.
 29101 | Lair:6   | Received a gift from Okawaru
 29105 | Lair:6   | Reached skill level 10 in Short Blades
 29105 | Lair:6   | Reached skill level 10 in Long Blades
 29105 | Lair:6   | Reached skill level 10 in Axes
 29105 | Lair:6   | Reached skill level 10 in Polearms
 29105 | Lair:6   | Reached skill level 10 in Staves
 29105 | Lair:6   | Reached skill level 10 in Slings
 29105 | Lair:6   | Reached skill level 10 in Bows
 29105 | Lair:6   | Reached skill level 10 in Crossbows
 29105 | Lair:6   | Reached skill level 10 in Throwing
 29105 | Lair:6   | Reached skill level 10 in Dodging
 29105 | Lair:6   | Reached skill level 10 in Stealth
 29105 | Lair:6   | Reached skill level 10 in Unarmed Combat
 29105 | Lair:6   | Reached skill level 10 in Spellcasting
 29105 | Lair:6   | Reached skill level 10 in Evocations
 30383 | Orc:1    | Entered Level 1 of the Orcish Mines
 30649 | Orc:1    | Noticed an orc warlord
 30668 | Orc:1    | Killed an orc warlord
 30715 | Orc:1    | Found a roughly hewn altar of Beogh.
 30968 | Orc:1    | Received a gift from Okawaru
 31781 | Orc:1    | Reached XP level 16. HP: 127/127 MP: 30/30
 31793 | Orc:1    | Got a crystal demon trident {god gift}
 31794 | Orc:1    | Identified the +9 demon trident of Defilement {flame, *Rage
                  | rPois rN+++ Str-3} (Okawaru gifted it to you on level 1 of
                  | the Orcish Mines)
 31819 | Orc:1    | Found Caihoxt's Food Boutique.
 31951 | Orc:2    | Entered Level 2 of the Orcish Mines
 33193 | Orc:2    | Found Dckoguo's Desiderata Depot.
 33263 | Orc:2    | Found a staircase to the Elven Halls.
 33920 | Orc:2    | Found a roughly hewn altar of Beogh.
 34339 | Orc:2    | Found Unisaisk's Weapon Emporium.
 34339 | Orc:2    | Found Diw Ilol's Book Shop.
 34392 | Orc:2    | Found Wotisuv's Distillery.
 34392 | Orc:2    | Found Qask's Assorted Antiques.
 34397 | Orc:2    | Bought 2 potions of curing for 78 gold pieces
 34406 | Orc:2    | Bought a glowing demon whip for 450 gold pieces
 34406 | Orc:2    | Bought a scroll of teleportation for 75 gold pieces
 34553 | Orc:2    | Bought the +5 hand crossbow of Plunder {velocity, Int+2}
                  | for 745 gold pieces
 34690 | D:13     | Bought a manual of Fighting for 1324 gold pieces
 34810 | Shoals:1 | Entered Level 1 of the Shoals
 35048 | Shoals:1 | Received a gift from Okawaru
 35421 | Shoals:2 | Found a shadowy altar of Dithmenos.
 35693 | Shoals:2 | Got a heavily runed scale mail
 35708 | Shoals:2 | Identified the +3 scale mail of Contentment {Dex+2} (You
                  | found it on level 2 of the Shoals)
 36451 | Shoals:1 | Received a gift from Okawaru
 37622 | Shoals:2 | Noticed a kraken
 37642 | Shoals:2 | Mangled by a kraken

Levels and vault maps discovered:
D:1:      lemuel_arrival_funnel, layout_rooms, minivault_19
D:2:      lemuel_upstairs_altar, layout_basic, lemuel_round_altar
D:3:      layout_basic, lemuel_crystal_altar, portal_sewer_entry_a,
          first_ration, nicolae_ru_the_path_less_chosen
D:4:      layout_loops_ring, lemuel_round_altar, gammafunk_ghost_gnarly_gnolls,
          minivault_4, minmay_door_square
D:5:      layout_loops_ring, minmay_overflow_temple_hex,
          trog_three_pillars_becter
D:6:      layout_gridville, kennysheep_little_box, nrook_mini_backslash,
          uniq_menkaure
D:7:      layout_loops_ring, minmay_temple_entry_slanted
D:8:      layout_loops_corners, uniq_harold, uniq_psyche
D:9:      cheibrodos_shockbox, layout_cave_pools, overflow_temple_1_default,
          hangedman_fish_farm
D:10:     layout_stronghold, trove_entry_hex_spiral, minmay_diced_spiral
D:11:     layout_basic, erik_lair_island
D:12:     layout_long_grid, zombieorc1_lemuel, eino_curves_03, uniq_jorgrun,
          uniq_erolcha, uniq_nergalle
D:13:     layout_loops_ring, serial_shops, shop, hangedman_glass_teeth,
          uniq_sonja, uniq_maurice
D:14:     layout_loops_ring, hangedman_vaults_entry_quadrant_bands,
          nicolae_tso_carved_into_rock
D:15:     gammafunk_depths_entry_grave, layout_basic, uniq_agnes
Temple:   zaba_magenta_temple
Lair:1:   beast_lair_carwin_large_1, layout_regular_city,
          ebering_ghost_funeral_grove, portal_ice_cave_entry_pillars_2
Lair:2:   layout_chaotic_city, minmay_shoals_entry_centaurs,
          spider_nest_entry_web_field, grunt_megastairs_4
Lair:3:   layout_chaotic_city, gammafunk_ghost_berserking_beasts, wad_woods_03,
          lemuel_fruit_tree
Lair:4:   layout_regular_city
Lair:5:   layout_layer_cave
Lair:6:   hangedman_lair_caniforms_friends, layout_small_grid, wormcave,
          minmay_slime_entry_oklob_enclosed, chequers_serial_rivers_small_a,
          kb_xom_exploding_sheep
Shoals:1: layout_shoals, dpeg_stationary_puzzle
Shoals:2: layout_shoals, hangedman_feature_mirror, lemuel_centaur_altar
Shoals:3: layout_shoals
Orc:1:    orc_temple, layout_caves, serial_shops, nicolae_shop_stone
Orc:2:    st_orc_town, layout_diamond_mine, special_room,
          nicolae_alphabet_shops, nicolae_orc_rockfall

Skill      XL: |  1  2  3  4  5  6  7  8  9 10 11 12 13 14 15 16 |
---------------+-------------------------------------------------+-----
Invocations    | 1 2 3 4 5 6 7 8 9 10 11 | 11.7
Short Blades   | 1 2 3 4 5 6 7 8 9 10 | 10.8
Long Blades    | 1 2 3 4 5 6 7 8 9 10 | 10.8
Axes           | 1 2 3 4 5 6 7 8 9 10 | 10.8
Polearms       | 1 2 3 4 5 6 7 8 9 10 | 10.8
Staves         | 1 2 3 4 5 6 7 8 9 10 | 10.8
Slings         | 1 2 3 4 5 6 7 8 9 10 | 10.8
Bows           | 1 2 3 4 5 6 7 8 9 10 | 10.8
Crossbows      | 1 2 3 4 5 6 7 8 9 10 | 10.8
Throwing       | 1 2 3 4 5 6 7 8 9 10 | 10.8
Dodging        | 1 2 3 4 5 6 7 8 9 10 | 10.8
Stealth        | 1 2 3 4 5 6 7 8 9 10 | 10.8
Unarmed Combat | 1 2 3 4 5 6 7 8 9 10 | 10.8
Spellcasting   | 1 2 3 4 5 6 7 8 9 10 | 10.8
Evocations     | 1 2 3 4 5 6 7 8 9 10 | 10.8
Conjurations   | 1 2 3 4 5 7 8 9 10 11 12 | 12.2
Hexes          | 1 2 3 4 5 6 7 8 9 |  9.2
Charms         | 1 2 3 4 5 6 7 8 9 |  9.2
Summonings     | 1 2 3 4 6 7 9 10 11 | 11.8
Necromancy     | 1 2 3 4 5 6 7 8 9 |  9.2
Translocations | 1 2 3 4 5 6 7 8 9 |  9.2
Transmutations | 1 2 3 4 5 6 7 8 9 |  9.2
Fire Magic     | 1 2 3 4 5 6 7 8 9 |  9.2
Ice Magic      | 1 2 3 4 5 6 7 8 9 |  9.2
Air Magic      | 1 2 3 4 5 6 7 8 9 |  9.2
Earth Magic    | 1 2 3 4 5 6 7 8 9 |  9.2
Poison Magic   | 1 2 3 4 5 6 7 8 9 |  9.2
Maces & Flails | 5 6 7 8 9 10 11 | 11.7
Fighting       | 7 8 9 10 11 12 | 12.7
Armour         | 7 8 9 10 11 12 | 12.4
Shields        | 7 8 9 10 11 12 | 12.4

Action                   |  1- 3 |  4- 6 |  7- 9 | 10-12 | 13-15 | 16-18 || total
-------------------------+-------+-------+-------+-------+-------+-------++-------
Melee: Flail             |    54 |   274 |    32 |       |       |       ||   360
       Bite              |     4 |    34 |    56 |   116 |   318 |    78 ||   606
       Morningstar       |       |       |   358 |   839 |  1827 |   359 ||  3383
       War axe           |       |       |       |    44 |       |       ||    44
       Demon trident     |       |       |       |       |    65 |   249 ||   314
Throw: Dart              |       |     6 |     1 |    43 |    32 |     6 ||    88
       Javelin           |       |       |       |       |     9 |       ||     9
 Cast: Magic Dart        |       |       |       |       |     4 |       ||     4
Invok: Heroism           |       |       |     1 |     4 |    10 |     2 ||    17
       Finesse           |       |       |       |       |     1 |       ||     1
 Abil: Evoke Flight      |       |       |       |       |     1 |       ||     1
Evoke: Wand              |       |       |     4 |     5 |    42 |    16 ||    67
  Use: Scroll            |     5 |     2 |     5 |    17 |    18 |     3 ||    50
       Potion            |       |       |       |     8 |     9 |     5 ||    22
 Stab: Paralysed         |       |       |       |       |     6 |       ||     6
       Distracted        |       |       |       |       |     2 |     2 ||     4
       Held in net/web   |       |       |       |       |     1 |       ||     1
       Sleeping          |       |       |       |       |     1 |       ||     1
  Eat: Chunk             |       |     5 |    12 |    23 |    26 |    11 ||    77
       Ration            |       |     1 |       |     4 |     8 |     3 ||    16
Armor: Scale mail        |    16 |       |       |       |       |       ||    16
       Chain mail        |    14 |    74 |       |    43 |   478 |   167 ||   776
       Plate armour      |       |    58 |   251 |   265 |       |       ||   574
Dodge: Dodged            |    14 |    55 |    96 |   115 |   441 |   170 ||   891
       Deflected         |       |     2 |       |    13 |     6 |    21 ||    42
Block: Shield            |    31 |   187 |   233 |       |       |       ||   451
       Large shield      |       |       |    64 |   978 |  2322 |   750 ||  4114
       Reflection        |       |       |       |    49 |    63 |    53 ||   165

Table legend:
 A = Non-vault XP
 B = Vault XP
 C = Vault XP percentage of total XP
 D = Non-vault monster count
 E = Vault monster count
 F = Vault count percentage of total count
                 A         B        C        D         E       F
            +---------+---------+-------+---------+---------+-------
      Total |   96965 |   71590 |  42.5 |     644 |     332 |  34.0
            +---------+---------+-------+---------+---------+-------
        D:1 |      31 |       0 |   0.0 |      15 |       0 |   0.0
        D:2 |      88 |       0 |   0.0 |      25 |       0 |   0.0
        D:3 |     312 |      17 |   5.2 |      34 |       3 |   8.1
        D:4 |     344 |     271 |  44.1 |      19 |       7 |  26.9
        D:5 |    2106 |       0 |   0.0 |      35 |       0 |   0.0
        D:6 |    1009 |     169 |  14.3 |      27 |       1 |   3.6
        D:7 |     543 |       0 |   0.0 |      18 |       0 |   0.0
        D:8 |    1973 |    1415 |  41.8 |      43 |       2 |   4.4
        D:9 |     857 |     325 |  27.5 |      17 |       1 |   5.6
       D:10 |    4289 |     459 |   9.7 |      38 |       4 |   9.5
       D:11 |    4637 |     683 |  12.8 |      30 |       7 |  18.9
       D:12 |    2128 |    5695 |  72.8 |      23 |      31 |  57.4
       D:13 |    7047 |    1318 |  15.8 |      22 |       2 |   8.3
       D:14 |    3970 |    6216 |  61.0 |      19 |      19 |  50.0
       D:15 |    4777 |    7077 |  59.7 |      14 |       9 |  39.1
     Lair:1 |    2817 |    2850 |  50.3 |      11 |      16 |  59.3
     Lair:2 |    2162 |     571 |  20.9 |      12 |       5 |  29.4
     Lair:3 |    2388 |       0 |   0.0 |      14 |       0 |   0.0
     Lair:4 |    4696 |       0 |   0.0 |      16 |       0 |   0.0
     Lair:5 |    6537 |       0 |   0.0 |      25 |       0 |   0.0
     Lair:6 |    8952 |   18056 |  66.9 |      32 |      74 |  69.8
   Shoals:1 |   17604 |     442 |   2.4 |      33 |       1 |   2.9
   Shoals:2 |    8350 |     606 |   6.8 |      17 |       2 |  10.5
   Shoals:3 |    2204 |       0 |   0.0 |       6 |       0 |   0.0
      Orc:1 |    4418 |    6308 |  58.8 |      64 |      27 |  29.7
      Orc:2 |    2726 |    7535 |  73.4 |      35 |      63 |  64.3
      Sewer |       0 |      47 | 100.0 |       0 |      16 | 100.0
      IceCv |       0 |   11530 | 100.0 |       0 |      42 | 100.0
            +---------+---------+-------+---------+---------+-------
